Map: New Gettysburg LE

Players

thebug - Winner!

  • Race: Protoss Protoss
  • League: Platinum

A.I. 1 (Elite)

  • Race: Protoss Protoss

VOD

Have the link to the VOD?

Description

Time

  • Played on: Aug. 15, 2016, 2:43 a.m.
  • Length: 7:10
Show
View Real Time Build Order
Export as new Build Order

thebug Protoss - Winner!

Build Orders:  

Get SALT Encoding   

  12  0:00  Probe (Chrono Boost)  
  13  0:11  Probe (Chrono Boost)  
  14  0:19  Pylon  
  14  0:22  Probe (Chrono Boost)  
  15  0:37  Probe (Chrono Boost)  
  15  0:38  Gateway  
  16  0:46  Assimilator  
  16  0:48  Probe (Chrono Boost)  
  17  0:56  Pylon  
  17  0:59  Probe (Chrono Boost)  
  18  1:09  Probe (Chrono Boost)  
  19  1:20  Probe (Chrono Boost)  
  20  1:28  Cybernetics Core  
  20  1:33  Probe (Chrono Boost)  
  23  1:43  Probe (Chrono Boost)  
  25  1:54  Probe (Chrono Boost)  
  23  2:03  Nexus  
  23  2:05  Probe (Chrono Boost)  
  23  2:07  Warp Gate  
  24  2:16  Mothership Core (Chrono Boost)  
  24  2:17  Assimilator  
  26  2:30  Stalker  
  26  2:34  Probe (Chrono Boost)  
  29  2:45  Probe (Chrono Boost)  
  30  2:55  Probe (Chrono Boost)  
  31  2:59  Pylon  
  31  3:03  Robotics Facility  
  31  3:15  Probe (Chrono Boost)  
  31  3:16  Probe (Chrono Boost)  
  35  3:20  Sentry  
  35  3:26  Probe x2 (Chrono Boost)  
  37  3:27  Forge  
  37  3:36  Probe (Chrono Boost)  
  37  3:37  Probe (Chrono Boost)  
  37  3:39  Gateway  
  37  3:40  Gateway  
  39  3:47  Probe x2 (Chrono Boost)  
  41  3:49  Immortal  
  41  3:55  Protoss Ground Weapons Level 1  
  45  4:05  Twilight Council  
  45  4:08  Probe (Chrono Boost)  
  45  4:09  Probe (Chrono Boost)  
  47  4:20  Probe (Chrono Boost)  
  47  4:23  Immortal  
  52  4:37  Resonating Glaives  
  52  4:38  Pylon  
  52  4:40  Pylon  
  52  4:59  Gateway  
  52  5:01  Gateway  
  52  5:03  Gateway  
  52  5:05  Gateway  
  52  5:06  Gateway  
  52  5:10  Pylon, Warp Prism  
  54  5:15  Pylon  
  54  5:20  Adept  
  54  5:21  Adept  
  58  5:22  Zealot  
  60  5:34  Pylon  
  60  5:37  Pylon  
  60  5:43  Adept x3  
  60  5:46  Observer  
  67  6:04  Adept x2  
  69  6:05  Adept x2  
  69  6:06  Adept x3  
  69  6:07  Adept  
  83  6:23  Pylon x2  
  83  6:27  Adept x4  
  83  6:29  Adept  
  93  6:46  Adept x3  
  95  6:47  Adept x2  
  97  7:02  Adept x3  
Show
View Real Time Build Order
Export as new Build Order

A.I. 1 (Elite) Protoss 

Build Orders: Colossus Rush 

Get SALT Encoding   

  12  0:01  Probe (Chrono Boost)  
  13  0:11  Probe (Chrono Boost)  
  14  0:21  Pylon  
  14  0:22  Probe (Chrono Boost)  
  15  0:39  Probe (Chrono Boost)  
  16  0:47  Assimilator  
  16  0:49  Probe (Chrono Boost)  
  17  0:50  Gateway  
  17  0:59  Pylon  
  17  1:00  Probe (Chrono Boost)  
  18  1:10  Probe (Chrono Boost)  
  19  1:21  Probe (Chrono Boost)  
  20  1:32  Probe (Chrono Boost)  
  21  1:35  Zealot  
  21  1:39  Cybernetics Core  
  23  1:41  Gateway  
  23  1:43  Probe (Chrono Boost)  
  24  1:51  Pylon  
  25  1:55  Probe (Chrono Boost)  
  25  2:00  Zealot  
  25  2:06  Probe (Chrono Boost)  
  28  2:12  Warp Gate  
  28  2:15  Assimilator  
  28  2:17  Probe (Chrono Boost)  
  29  2:26  Adept  
  29  2:28  Adept  
  29  2:29  Probe (Chrono Boost)  
  34  2:39  Pylon  
  34  2:41  Probe (Chrono Boost)  
  35  2:52  Adept  
  35  2:53  Probe (Chrono Boost)  
  35  2:56  Sentry  
  40  3:05  Probe (Chrono Boost)  
  41  3:17  Probe (Chrono Boost)  
  42  3:21  Nexus  
  42  3:25  Stalker  
  42  3:31  Probe (Chrono Boost)  
  45  3:42  Probe (Chrono Boost)  
  45  3:44  Robotics Facility  
  46  3:54  Probe (Chrono Boost)  
  47  3:55  Pylon  
  47  4:13  Adept  
  47  4:15  Probe (Chrono Boost)  
  50  4:22  Adept  
  52  4:26  Probe (Chrono Boost)  
  53  4:33  Adept, Probe (Chrono Boost)  
  53  4:37  Probe (Chrono Boost)  
  57  4:44  Probe (Chrono Boost)  
  58  4:46  Robotics Bay  
  58  4:48  Observer  
  58  4:49  Probe (Chrono Boost)  
  60  4:55  Probe (Chrono Boost)  
  60  4:58  Robotics Facility  
  62  5:00  Probe (Chrono Boost)  
  62  5:05  Pylon  
  63  5:07  Probe (Chrono Boost)  
  63  5:08  Stalker  
  63  5:11  Probe (Chrono Boost)  
  63  5:12  Stalker  
  68  5:17  Pylon  
  68  5:19  Probe (Chrono Boost)  
  69  5:22  Probe (Chrono Boost)  
  70  5:28  Colossus  
  76  5:39  Colossus  
  76  5:44  Pylon, Stalker  
  76  5:45  Probe (Chrono Boost)  
  76  5:46  Assimilator  
  76  5:48  Probe (Chrono Boost)  
  80  5:56  Twilight Council  
  80  5:58  Assimilator  
  80  6:00  Gateway  
  80  6:10  Probe x2 (Chrono Boost)  
  80  6:11  Pylon  
  82  6:16  Zealot  
  84  6:21  Probe (Chrono Boost)  
  84  6:22  Probe (Chrono Boost)  
  87  6:33  Probe (Chrono Boost)  
  87  6:34  Zealot x2  
  87  6:35  Templar Archives  
  87  6:38  Pylon, Nexus  
  69  6:52  Zealot x2  
  67  6:54  Probe (Chrono Boost)  
Tags
 
Add a new tag
Caveats
  • Supply blocks, unpowered buildings, or Contaminate may cause inaccurate times.
  • Supply counts are checked every 10 seconds.